 Dungeon Crawl Stone Soup version 0.32-a0-643-ga006e7742e (webtiles) character file.

Game seed: 9758155157636506971

2788 Dittersdorf the Shield-Bearer (level 9, -10/57 HPs)
             Began as a Gargoyle Fighter on Mar 7, 2024.
             Was an Initiate of Gozag.
             Killed by divine providence
             ... invoked by an orc priest
              (16 damage)
             ... on level 7 of the Dungeon.
             The game lasted 00:07:17 (5657 turns).

Dittersdorf the Shield-Bearer (Gargoyle Fighter)    Turns: 5657, Time: 00:07:17

Health: -10/57     AC: 18    Str: 30    XL:     9   Next: 71%
Magic:  9/9        EV:  9    Int:  9    God:    Gozag
Gold:   398        SH:  5    Dex: 11    Spells: 8/8 levels left

rFire   . . .        r - +8 mace of the Apocalypse {pain, rElec rC+ Dex+2}
rCold   + + .        c - +0 buckler
rNeg    + . .        g - +1 chain mail {rC+}
rPois   ∞            (no helmet)
rElec   +            (no cloak)
rCorr   .            (no gloves)
SInv    .            (no boots)
Will    .....        (no amulet) Stlth
                     n - ring of flight
HPRegen 0.29/turn    s - +6 ring of strength
MPRegen 0.11/turn

%: no passive effects
@: flying
A: sickness immunity, AC +6, negative energy resistance 1, electricity
resistance, torment resistance 1, petrification resistance
a: Renounce Religion, Potion Petition, Call Merchant, Bribe Branch


You were on level 7 of the Dungeon.
You worshipped Gozag.
Gozag was aware of your devotion.
You visited 1 branch of the dungeon, and saw 7 of its levels.

You collected 637 gold pieces.
You spent 180 gold pieces at shops.
You paid 59 gold pieces to Gozag.

Inventory:

Hand Weapons
 a - a +1 flail
 r - the +8 mace of the Apocalypse (weapon) {pain, rElec rC+ Dex+2}
   (You found it on level 4 of the Dungeon)

   Dex+2:     It affects your dexterity (+2).
   rC+:       It protects you from cold.
   rElec:     It insulates you from electricity.
Missiles
 m - 5 curare-tipped darts (quivered)
Armour
 c - a +0 buckler (worn)
 g - a +1 chain mail of cold resistance (worn)
Jewellery
 n - a ring of flight (left hand)
 q - a ring of wizardry
 s - a +6 ring of strength (right hand)
Wands
 t - a wand of quicksilver (8)
Scrolls
 b - a scroll of fear
 e - a scroll of torment
 f - 2 scrolls of enchant weapon
 k - a scroll of teleportation
 o - a scroll of enchant armour
Potions
 d - 3 potions of might
 h - a potion of resistance
 i - 2 potions of heal wounds
 j - 6 potions of curing
 l - a potion of degeneration {unknown}
 p - a potion of invisibility


   Skills:
 + Level 7.2 Fighting
 + Level 6.2 Maces & Flails
 + Level 7.2 Armour
 + Level 7.3 Shields
 + Level 4.3 Necromancy


You had 8 spell levels left.
You didn't know any spells.
Your spell library contained the following spells:

 Spells                   Type           Power      Damage    Failure   Level
 Vampiric Draining        Necr           7%         2d6       63%         3
 Slow                     Hex            0%         N/A       86%         1
 Summon Small Mammal      Summ           0%         N/A       86%         1
 Static Discharge         Conj/Air       0%         3-3/arc   94%         2
 Call Canine Familiar     Summ           0%         N/A       99%         3
 Confusing Touch          Hex            0%         N/A       99%         3
 Sigil of Binding         Hex            0%         N/A       99%         3
 Airstrike                Air            0%         2d(0-16)  100%        4
 Summon Blazeheart Golem  Fire/Summ      0%         N/A       100%        4
 Summon Lightning Spire   Summ/Air       0%         N/A       100%        4


Dungeon Overview and Level Annotations

Branches:
Dungeon (7/15)
 Temple: D:4-7

Altars:
Ashenzari
Cheibriados
Dithmenos
Gozag
Kikubaaqudgha
Qazlal
Uskayaw
Xom
The Shining One

Shops:
D:3 !(   D:4 *   D:6 *

Annotations:
D:7 3 runed translucent doors, Dowan; Duvessa; Sirjeffry24's ghost, novice CoHu


Innate Abilities, Weirdness & Mutations

You are immune to sickness and miasma.
Your stone body is resilient. (AC +6)
You are immune to poison.
You resist negative energy. (rN+)
You are resistant to electric shocks. (rElec)
You are resistant to unholy torment.
You are immune to petrification.


Message History

You are too injured to fight recklessly!
You are too injured to fight recklessly!
You are too injured to fight recklessly!
You are too injured to fight recklessly!
You are too injured to fight recklessly!
You are too injured to fight recklessly!
You are too injured to fight recklessly!
You are too injured to fight recklessly!
You are too injured to fight recklessly!
You are too injured to fight recklessly!
You are too injured to fight recklessly!
You are too injured to fight recklessly!
You are too injured to fight recklessly!
You are too injured to fight recklessly!
The orc attacks as it pursues you! The orc hits you with a +0 hand axe.
Dowan gestures wildly while chanting.
Dowan blinks!
Dowan gestures at you while chanting.
The puff of frost hits you but does no damage.
Dowan says, "There's a certain beauty in death, don't you think?"
You block Dowan's attack.
The orc priest mumbles some strange prayers to Beogh against you.
Beogh smites you!
* * * LOW HITPOINT WARNING * * *
Dowan casts a spell at you.
The puff of frost hits you but does no damage.
You resist.
The orc warrior attacks as it pursues you!
The orc warrior barely misses you.
The orc warrior attacks as it pursues you!
The orc warrior barely misses you.
The orc priest invokes the aid of Beogh against you.
Pain shoots through your body!
* * * LOW HITPOINT WARNING * * *
The orc wizard points at you and mumbles some strange words.
You easily resist.
The orc priest calls down the wrath of Beogh upon you.
Beogh smites you!
You die...
Your body crumbles into a pile of gold.

............####..#......###...#
.........#....##..#...#....#..##
.....=...#............#......###
##......)...............<......#
......................##..#...##
.....................######..##
.##...........<.....##.###.)..#
. #...............##.....###..#
# #.........(...@.##....## ##.#
..............o......#.....#'#
...#...........o.###.# ....#_#
.##.......o##o.##..# ...###.
............e.....## .......
............#.###..# ........
........$..#### ..####.....#
e........### .# #######
...........# #


You could see an orc warrior, Dowan, an orc priest, an orc wizard and an orc.

Vanquished Creatures
  Pikel (D:4)
  Grinder (D:6)
  Sigmund (D:6)
  2 water moccasins (D:6)
  2 ice beasts
  A sky beast (D:6)
  A black bear (D:5)
  An ogre (D:4)
  A phantom (D:5)
  3 lemures (D:4)
  2 kobold brigands (D:6)
  2 bullfrogs (D:7)
  3 scorpions
  A killer bee (D:6)
  2 electric eels (D:6)
  3 bombardier beetles
  3 jellies
  3 hounds
  2 orc priests
  An iguana (D:5)
  3 orc wizards
  11 adders
  2 shadow imps (D:6)
  2 white imps (D:7)
  6 ufetubi
  A dart slug (D:5)
  A ribbon worm (D:2)
  22 orcs
  2 ball pythons (D:1)
  6 bats
  11 endoplasms
  6 giant cockroaches
  5 goblins
  11 hobgoblins
  2 jackals (D:3)
  2 quokkas (D:2)
  2 frilled lizards
  15 kobolds
  6 rats
152 creatures vanquished.

Vanquished Creatures (others)
  An ogre (D:6)
  A bombardier beetle (D:6)
  A hound (D:6)
  An adder (D:6)
  An orc (D:6)
5 creatures vanquished.

Grand Total: 157 creatures vanquished

Notes
Turn   | Place    | Note
-------+----------+-------------------------------------------
     0 | D:1      | Dittersdorf the Gargoyle Fighter began the quest for the
                  | Orb.
     0 | D:1      | Reached XP level 1. HP: 14/14 MP: 1/1
   145 | D:1      | Reached XP level 2. HP: 19/19 MP: 2/2
   832 | D:2      | Reached XP level 3. HP: 23/23 MP: 3/3
   894 | D:2      | Found a faded altar of an unknown god.
  1253 | D:2      | Found a glowing golden altar of the Shining One.
  1266 | D:2      | Reached XP level 4. HP: 29/29 MP: 4/4
  1803 | D:3      | Found Ulekemp's Distillery.
  1845 | D:3      | Found a snail-covered altar of Cheibriados.
  1889 | D:3      | Found a shadowy altar of Dithmenos.
  2264 | D:3      | Found Gaac's Antique Weapon Shoppe.
  2321 | D:4      | Found an ancient bone altar of Kikubaaqudgha.
  2347 | D:4      | Identified the +8 mace of the Apocalypse {pain, rElec rC+
                  | Dex+2}
  2494 | D:4      | Noticed an ogre
  2499 | D:4      | Killed an ogre
  2500 | D:4      | Reached XP level 5. HP: 12/34 MP: 5/5
  2655 | D:4      | Found Raagak's Overcharged Wands.
  2729 | D:5      | Entered Level 5 of the Dungeon
  2929 | D:5      | Reached XP level 6. HP: 34/39 MP: 6/6
  2962 | D:5      | Noticed Pikel
  3022 | D:5      | Noticed a black bear
  3049 | D:4      | Reached skill level 1 in Necromancy
  3166 | D:4      | Killed Pikel
  3167 | D:4      | Reached skill level 5 in Fighting
  3167 | D:4      | Reached skill level 5 in Armour
  3167 | D:4      | Reached skill level 5 in Shields
  3167 | D:4      | Reached XP level 7. HP: 21/44 MP: 7/7
  3324 | D:5      | Reached XP level 8. HP: 46/50 MP: 8/8
  3660 | D:5      | Found an opulent altar of Gozag.
  3665 | D:5      | Became a worshipper of Gozag Ym Sagoz the Greedy
  3693 | D:5      | Found a hide-covered altar of Uskayaw.
  3831 | D:6      | Reached skill level 5 in Maces & Flails
  4136 | D:6      | Noticed Grinder
  4153 | D:6      | Killed Grinder
  4184 | D:6      | Found a shimmering altar of Xom.
  4203 | D:6      | Reached XP level 9. HP: 40/56 MP: 9/9
  4639 | D:6      | Found Fyvekyig's Assorted Antiques.
  4656 | D:6      | Bought a shiny chain mail for 180 gold pieces
  4979 | D:6      | Noticed Sigmund
  4985 | D:6      | Killed Sigmund
  5195 | D:7      | Found a stormy altar of Qazlal.
  5402 | D:7      | Found a runed translucent gate.
  5402 | D:7      | Found a runed translucent gate.
  5402 | D:7      | Found a runed translucent gate.
  5508 | D:7      | Identified the +1 dagger "Wuh Yhewn" {freeze, *Noise rElec
                  | rN+++ Int-4}
  5562 | D:7      | Noticed Sirjeffry24's ghost (novice CoHu)
  5606 | D:7      | Found a broken altar of Ashenzari.
  5645 | D:7      | Noticed Dowan
  5648 | D:7      | Noticed Duvessa
  5657 | D:7      | Killed from afar by an orc priest

Illustrated notes

Levels and vault maps discovered:
D:1:      grunt_arrival_crossed_arrows, layout_basic, serial_forest,
          infiniplex_forest_straight_1, infiniplex_forest_straight_3,
          infiniplex_forest_lined_2, infiniplex_forest_clump_diagonal,
          infiniplex_forest_lined_3, infiniplex_forest_straight_3,
          infiniplex_forest_end_1, infiniplex_forest_clump_small, eino_curves_02
D:2:      layout_loops_ring, hellmonk_ecumenical_altar_blasted, basic_altar
D:3:      layout_loops_ring, mainiacjoe_overflow_catch_the_wave, serial_shops,
          shop, nicolae_shop_back_alley_shop
D:4:      layout_rooms, mainiacjoe_overflow_cross_hatched,
          nicolae_shop_overcharged_wands
D:5:      layout_cave_pools, general_overflow_altar,
          nicolae_gozag_cash_rules_everything_around_me, uniq_pikel
D:6:      layout_loops_corners, xom_confusion_cloud, serial_bayou,
          serial_bayou_lake_a, serial_bayou_pond_a, serial_bayou_shore_b,
          serial_bayou_shore_b, serial_shops, nicolae_shop_advertising_works
          [nicolae_subvault_shop_adworks], minmay_misc_feat_tower, uniq_sigmund,
          uniq_grinder
D:7:      layout_cave_pools, ashenzari_conservatory_becter,
          overflow_temple_1_default, minmay_temple_entry_proselytizer,
          gammafunk_ghost_icy, uniq_duvessa

Skill      XL: |  1  2  3  4  5  6  7  8  9 |
---------------+----------------------------+-----
Armour         | 4 5 6 7 |  7.2
Fighting       | 4 5 6 7 |  7.2
Shields        | 4 5 6 7 |  7.3
Maces & Flails | 3 4 5 6 |  6.2
Necromancy     | 2 3 4 |  4.3

Action                     |  1- 3 |  4- 6 |  7- 9 || total
---------------------------+-------+-------+-------++-------
  Melee: Flail             |   125 |    81 |       ||   206
         Mace              |       |    62 |   222 ||   284
  Throw: Dart              |       |     1 |       ||     1
    Use: Scroll            |       |    10 |     1 ||    11
 Armour: Scale mail        |   108 |    50 |       ||   158
         Chain mail        |       |    71 |   235 ||   306
  Dodge: Dodged            |    74 |    59 |   101 ||   234
  Block: Buckler           |    41 |    37 |    50 ||   128

Table legend: (Time is in decaauts)
 A = Elapsed time spent in this place.
 B = Non-inter-level travel time spent in this place.
 C = Inter-level travel time spent in this place.
 D = Time resting spent in this place.
 E = Time spent auto-exploring this place.
 F = Levels seen in this place.
 G = Mean time per level.
                   A        B        C        D        E       F      G
               +--------+--------+--------+--------+--------+-----+--------+
         Total |   5777 |   5570 |    207 |    648 |   3657 |   7 |  825.3 |
       Dungeon |   5777 |   5570 |    207 |    648 |   3657 |   7 |  825.3 |
               +--------+--------+--------+--------+--------+-----+--------+

Top non-repeatable levels by time:
     D:6: 1546 daAuts
     D:1: 842 daAuts
     D:4: 819 daAuts
     D:2: 775 daAuts
     D:3: 760 daAuts
     D:5: 714 daAuts
     D:7: 317 daAuts
